 Dungeon Crawl Stone Soup version 0.29.1-15-g9cfb28693d (webtiles) character file.

Game seed: 9985345865416326823

4419 unlimited1921 the Thaumaturge (level 10, -2/62 HPs)
             Began as a Djinni Fire Elementalist on Apr 9, 2023.
             Shot with a sling bullet by something (18 damage)
             ... on level 8 of the Dungeon.
             The game lasted 00:36:31 (12126 turns).

unlimited1921 the Thaumaturge (DjFE)               Turns: 12126, Time: 00:36:32

Health: -2/62      AC:  1    Str:  7    XL:     10   Next: 62%
Gold:   489        EV: 13    Int: 19    God:
                   SH:  0    Dex: 16

rFire   + + +      SeeInvis .   y - +2 hammer (protect)
rCold   x . .      Faith    .   (no shield)
rNeg    . . .      Spirit   .   O - +2 robe {Archmagi}
rPois   ∞          Reflect  .   (no helmet)
rElec   .          Harm     .   w - +0 cloak
rCorr   +          Rampage  .   (no gloves)
Will    +....      Archmagi +   (boots unavailable)
Stlth   +++.......              p - amulet of regeneration
HPRegen 1.00/turn               s - ring of resist corrosion
MPRegen 0.00/turn               u - ring of protection from fire

@: about to teleport, corroded, flying
A: sickness immunity, fire resistance 2, cold vulnerability 1, float, innate
caster, HP casting, extra vitality 1
a: no special abilities


You were on level 8 of the Dungeon.
You visited 1 branch of the dungeon, and saw 8 of its levels.

You collected 489 gold pieces.

Inventory:

Hand Weapons
 y - a +2 hammer of protection (weapon)
 F - a +0 trident
 H - a +1 dagger of flaming
 K - a +2 short sword of electrocution
 N - a +2 halberd
 P - a +0 whip of freezing
 Q - a +2 short sword of venom
Missiles
 a - 3 silver javelins
 h - 4 javelins
 A - 9 poisoned darts
Armour
 w - a +0 cloak (worn)
 O - a +2 robe of the Archmagi (worn)
Jewellery
 p - an amulet of regeneration (around neck)
 s - a ring of resist corrosion (left hand)
 u - a ring of protection from fire (right hand)
 L - a +6 ring of strength
Wands
 k - a wand of iceblast (5)
 m - a wand of polymorph (8)
 C - a wand of charming (9)
 M - a wand of flame (15)
Scrolls
 b - 5 scrolls of teleportation
 c - a scroll of magic mapping
 g - 2 scrolls of blinking {unknown}
 i - a scroll of silence
 j - 2 scrolls of fear
 n - 3 scrolls of enchant armour {unknown}
 o - 4 scrolls of butterflies {unknown}
 q - a scroll of immolation
 D - 2 scrolls of poison {unknown}
Potions
 d - a potion of degeneration {unknown}
 e - 2 potions of curing {unknown}
 f - 2 potions of berserk rage {unknown}
 l - 3 potions of haste {unknown}
 r - 2 potions of mutation {unknown}
 t - a potion of cancellation {unknown}
 v - 4 potions of attraction
 x - a potion of brilliance {unknown}
 z - 3 potions of heal wounds {unknown}
 B - 2 potions of resistance {unknown}
 E - a potion of flight {unknown}
 G - a potion of might {unknown}
 J - 2 potions of lignification {unknown}


   Skills:
 + Level 1.2 Fighting
 + Level 1.4 Maces & Flails
 + Level 3.4 Dodging
 + Level 4.0 Stealth
 + Level 10.9 Spellcasting


You had 8 spell levels left.
You knew the following spells:

 Your Spells              Type           Power      Damage    Failure   Level
a - Foxfire               Conj/Fire      100%       2x1d9     1%          1
b - Scorch                Fire           100%       2d10      1%          2
c - Conjure Flame         Conj/Fire      67%        6-21      1%          3
d - Inner Flame           Hex/Fire       67%        N/A       1%          3
e - Flame Wave            Conj/Fire      67%        2d15      1%          4
f - Sting                 Tmut/Pois      100%       1d8       1%          1
g - Wereblood             Tmut           67%        N/A       1%          2
h - Searing Ray           Conj           100%       2d8       1%          2
i - Summon Ice Beast      Ice/Summ       67%        N/A       1%          4
Your spell library was empty.

Dungeon Overview and Level Annotations

Branches:
Dungeon (8/15)             Temple (0/1) D:4
   Lair: D:8-11

Altars:
Ashenzari
Okawaru
Wu Jian
Xom
Yredelemnul
The Shining One

Shops:
D:5 (   D:8 *

Annotations:
D:8 2 transporters, Joseph


Innate Abilities, Weirdness & Mutations

You are immune to sickness and miasma.
You are immune to poison.
Your flesh is very heat resistant. (rF++)
You are vulnerable to cold. (rC-)
You float through the air rather than walking.
You learn spells naturally, not from books.
Your magical power is your life essence.
You have superior vitality. (+4 MHP)


Message History

The foxfire hits something but does no damage.
The foxfire hits something. x2
You hear a whirring sound.
A sling bullet appears from out of thin air!
The sling bullet hits you!
Casting: Foxfire (safe; 1% risk of failure)
Confirm with . or Enter, or press ? or * to list all spells.
You feel a surge of power!
You conjure some foxfire!
The foxfire hits something but does no damage.
You hear a zap.
A bolt of acid appears from out of thin air!
The bolt of acid hits your foxfire!! The acid corrodes your foxfire!
The bolt of acid hits you. You resist. The acid corrodes you!
Casting: Foxfire (safe; 1% risk of failure)
Confirm with . or Enter, or press ? or * to list all spells.
You feel a surge of power!
You conjure some foxfire!
The foxfire hits something. x2
You hear a whirring sound.
A sling bullet appears from out of thin air!
The sling bullet hits you!
* * * LOW HITPOINT WARNING * * *
Casting: Foxfire (safe; 1% risk of failure)
Confirm with . or Enter, or press ? or * to list all spells.
You feel a surge of power!
You conjure some foxfire!
* * * LOW HITPOINT WARNING * * *
The foxfire hits something.
You hear a zap.
A bolt of acid appears from out of thin air!
The bolt of acid hits your foxfire. The acid corrodes your foxfire!
The bolt of acid misses you.
Casting: Foxfire (safe; 1% risk of failure)
Confirm with . or Enter, or press ? or * to list all spells.
Okay, then.
Unknown command.
As you read the scroll of teleportation, it crumbles to dust.
You feel strangely unstable.
The foxfire hits something. x3
You hear a whirring sound.
A sling bullet appears from out of thin air!
The sling bullet hits you!!
You die...

#.### #.# # #.# #
#. #.# ..# #..
#.###....#
#.{#######.........
#...§......###.....
###..§§§Y.##.# ..#
....).§@#.##.# #
#####.#§#.##.# #
#.#.##.# #.#....#
#.###..# ... ..#
#.. #.∩


You could see a friendly ice beast (summoned).

Vanquished Creatures
  A two-headed ogre (D:5)
  Pikel (D:7)
  Maurice (D:8)
  A hornet (D:5)
  Grinder (D:3)
  A wyvern (D:7)
  Menkaure (D:7)
  An orc warrior (D:6)
  A black bear (D:6)
  2 ice beasts
  2 ogres
  3 centaurs
  A phantom (D:7)
  A kobold brigand (D:7)
  A bullfrog (D:6)
  2 necrophages
  4 scorpions
  4 wights (D:6)
  Crazy Yiuf (D:3)
  4 hounds (D:5)
  6 orc priests
  2 jellies (D:6)
  Ijyb (D:2)
  5 iguanas
  3 orc wizards
  Terence (D:3)
  3 gnolls
  5 adders
  2 shadow imps
  A worm (D:2)
  2 dart slugs
  16 orcs
  12 endoplasms
  4 giant cockroaches
  8 goblins
  9 hobgoblins
  3 jackals (D:1)
  9 kobolds
  5 quokkas
  10 ball pythons
  10 bats
  4 frilled lizards
  11 rats
166 creatures vanquished.

Vanquished Creatures (collateral kills)
  A hound (D:6)
  A gnoll (D:6)
  A kobold (D:7)
  6 foxfires (D:1)
9 creatures vanquished.

Vanquished Creatures (others)
  834 foxfires
  4 plants
838 creatures vanquished.

Grand Total: 1013 creatures vanquished

Notes
Turn   | Place    | Note
-------+----------+-------------------------------------------
     0 | D:1      | unlimited1921 the Djinni Fire Elementalist began the quest
                  | for the Orb.
     0 | D:1      | unlimited1921 set off with the following spells memorised:
                  | Foxfire, Scorch, Conjure Flame, Inner Flame, Flame Wave.
     0 | D:1      | Reached XP level 1. HP: 15/15 MP: 0/0
   647 | D:1      | Reached XP level 2. HP: 13/21 MP: 0/0
  1138 | D:1      | Reached skill level 3 in Spellcasting
  1203 | D:1      | Reached XP level 3. HP: 19/25 MP: 0/0
  1203 | D:1      | Learned a level 1 spell: Sting
  3785 | D:1      | Found a faded altar of an unknown god.
  3795 | D:1      | Reached XP level 4. HP: 29/31 MP: 0/0
  5067 | D:2      | Noticed Ijyb
  5084 | D:2      | Killed Ijyb
  5085 | D:2      | Reached XP level 5. HP: 19/35 MP: 0/0
  5085 | D:2      | Learned a level 2 spell: Wereblood
  5965 | D:2      | Reached skill level 4 in Spellcasting
  6236 | D:3      | Noticed Grinder
  6247 | D:3      | Killed Grinder
  6248 | D:3      | Reached skill level 5 in Spellcasting
  6248 | D:3      | Reached XP level 6. HP: 25/40 MP: 0/0
  6485 | D:3      | Found a runed translucent door.
  6486 | D:3      | Noticed Crazy Yiuf
  6635 | D:3      | Noticed Terence
  6656 | D:3      | Killed Terence
  6657 | D:3      | Reached XP level 7. HP: 43/45 MP: 0/0
  6657 | D:3      | Learned a level 2 spell: Searing Ray
  7421 | D:4      | Found a glowing golden altar of the Shining One.
  7424 | D:4      | Became a worshipper of the Shining One
  7715 | D:4      | Found a staircase to the Ecumenical Temple.
  8187 | D:4      | Reached skill level 6 in Spellcasting
  8221 | D:4      | Reached XP level 8. HP: 47/50 MP: 0/0
  8323 | D:5      | Entered Level 5 of the Dungeon
  8484 | D:5      | Found a broken altar of Ashenzari.
  8658 | D:5      | Found an ornate altar of the Wu Jian Council.
  8708 | D:5      | Noticed a hornet
  8714 | D:5      | Killed a hornet
  8715 | D:5      | Reached skill level 7 in Spellcasting
  8722 | D:5      | Noticed a two-headed ogre
  8729 | D:5      | Killed a two-headed ogre
  8730 | D:5      | Reached skill level 1 in Maces & Flails
  8730 | D:5      | Reached skill level 8 in Spellcasting
  8730 | D:5      | Reached XP level 9. HP: 37/56 MP: 0/0
  8730 | D:5      | Learned a level 4 spell: Summon Ice Beast
  8768 | D:5      | Found Niwomoth's Weapon Boutique.
  8778 | D:5      | Reached skill level 1 in Fighting
  8938 | D:5      | Found an iron altar of Okawaru.
  9148 | D:5      | Found a shimmering altar of Xom.
  9451 | D:5      | Found a basalt altar of Yredelemnul.
  9615 | D:3      | Killed Crazy Yiuf
  9976 | D:6      | Was placed under penance by the Shining One
 10055 | D:6      | Reached skill level 9 in Spellcasting
 10311 | D:6      | Fell from the grace of the Shining One
 10604 | D:6      | Reached XP level 10. HP: 61/62 MP: 0/0
 11112 | D:7      | Noticed Menkaure
 11117 | D:7      | Killed Menkaure
 11180 | D:7      | Reached skill level 10 in Spellcasting
 11380 | D:7      | Noticed Pikel
 11397 | D:7      | Killed Pikel
 12046 | D:8      | Noticed Maurice
 12046 | D:8      | Found a transporter.
 12055 | D:8      | Killed Maurice
 12067 | D:8      | Found a transporter.
 12068 | D:8      | Noticed a boulder beetle
 12116 | D:8      | Found Xuoz's General Store.
 12116 | D:8      | Noticed Joseph
 12126 | D:8      | Shot with a sling bullet by something

Illustrated notes

Levels and vault maps discovered:
D:1:      roderic_crossed_star, layout_basic, chequers_ecumenical_altar_twisty,
          nicolae_grassy_gnolls
D:2:      kennysheep_the_goblin_king, layout_loops_cross, serial_glass,
          glass_columns_a, glass_columns_a, glass_columns_a, glass_columns_b,
          glass_columns_a, glass_columns_b, glass_columns_b, glass_columns_a,
          glass_columns_c, glass_columns_a, glass_columns_c, glass_columns_a,
          glass_columns_a, glass_columns_a
D:3:      layout_loops_ring, uniq_terence, uniq_grinder, uniq_crazy_yiuf_cottage
D:4:      layout_cave_pods, tso_oasis_becter, temple_green
D:5:      layout_cave_pods, lemuel_round_altar, mainiacjoe_overflow_alcove_1,
          nicolae_wu_jian_immortal_techniques, nicolae_ashenzari_skybound,
          mainiacjoe_overflow_boulevard, serial_shops, shop
D:6:      layout_cave_pods
D:7:      layout_loops_cross, uniq_pikel, uniq_menkaure
D:8:      gammafunk_boulding_lane, layout_loops_ring, serial_shops, shop,
          hellmonk_guarded_unrand_vines, uniq_joseph, uniq_maurice

Skill      XL: |  1  2  3  4  5  6  7  8  9 10 |
---------------+-------------------------------+-----
Spellcasting   | 3 5 6 8 9 10 | 10.9
Stealth        | 2 3 4 |  4.0
Maces & Flails | 1 |  1.4
Fighting       | 1 |  1.2
Dodging        | 3 |  3.4

Action                   |  1- 3 |  4- 6 |  7- 9 | 10-12 || total
-------------------------+-------+-------+-------+-------++-------
Melee: Mace              |       |       |    11 |       ||    11
 Cast: Foxfire           |    91 |   104 |   228 |    93 ||   516
       Scorch            |     2 |    11 |    37 |    16 ||    66
       Inner Flame       |       |     4 |    32 |     8 ||    44
       Conjure Flame     |       |     1 |     1 |       ||     2
       Searing Ray       |       |       |     2 |       ||     2
       Sting             |       |       |     1 |       ||     1
       Flame Wave        |       |       |     1 |       ||     1
       Summon Ice Beast  |       |       |     3 |     8 ||    11
  Use: Scroll            |       |       |       |     8 ||     8
       Potion            |       |       |       |     1 ||     1
 Stab: Distracted        |       |       |     1 |       ||     1
Armor: Robe              |     1 |     1 |     4 |     1 ||     7
Dodge: Dodged            |     9 |     3 |    19 |     8 ||    39
